 Dungeon Crawl Stone Soup version 0.22.0-38-g04b72b8 (webtiles) character file.

125 Marcoleric the Chopper (level 4, 0/34 HPs)
             Began as a Demonspawn Gladiator on Aug 29, 2018.
             Was a Follower of Okawaru.
             Slain by Crazy Yiuf
             ... wielding a +3 quarterstaff of chaos
              (10 damage)
             ... while paralysed by Crazy Yiuf
             ... on level 3 of the Dungeon.
             The game lasted 00:11:12 (2289 turns).

Marcoleric the Chopper (Demonspawn Gladiator)       Turns: 2289, Time: 00:11:12

Health: 0/34       AC:  7    Str: 16    XL:     4   Next: 82%
Magic:  4/4        EV:  2    Int:  9    God:    Okawaru [*.....]
Gold:   107        SH:  0    Dex: 16    Spells: 3/3 levels left

rFire    . . .     SeeInvis .   a - +0 war axe
rCold    . . .     Gourm    .   (no shield)
rNeg     + . .     Faith    .   b - +0 leather armour
rPois    .         Spirit   .   c - +0 helmet
rElec    .         Reflect  .   (no cloak)
rCorr    .         Harm     .   m - +2 pair of gloves
MR       .....                  (no boots)
Stlth    ++........             (no amulet)
HPRegen  0.11/turn              k - ring of positive energy
MPRegen  0.09/turn              (no ring)

@: paralysed, drained
A: thin skeletal structure 1, powered by pain 1
a: Heroism, Renounce Religion


You were on level 3 of the Dungeon.
You worshipped Okawaru.
Okawaru was aware of your devotion.
You were not hungry.

You visited 1 branch of the dungeon, and saw 3 of its levels.

You collected 107 gold pieces.

Inventory:

Hand Weapons
 a - a +0 war axe (weapon)
Missiles
 d - 3 throwing nets (quivered)
Armour
 b - a +0 leather armour (worn)
 c - a +0 helmet (worn)
 h - a +0 pair of gloves
 m - a +2 pair of gloves (worn)
Jewellery
 g - an uncursed amulet of magic regeneration
 k - a ring of positive energy (left hand)
Scrolls
 e - 2 scrolls of blinking
 j - a scroll of teleportation
 n - a scroll of enchant armour {unknown}
Potions
 i - a potion of flight
 l - a potion of lignification {unknown}
Comestibles
 f - 10 rations


   Skills:
 + Level 2.5(2.3) Fighting
 + Level 4.0(3.9) Axes
 + Level 2.0(1.8) Throwing
 + Level 1.1(0.9) Armour
 + Level 3.3(3.1) Dodging
 + Level 0.3(0.2) Stealth


You had 3 spell levels left.
You didn't know any spells.
Your spell library was empty.

Dungeon Overview and Level Annotations

Branches:
Dungeon (3/15)

Altars:
Okawaru
Sif Muna
Zin

Annotations:
D:3 Crazy Yiuf


Innate Abilities, Weirdness & Mutations

You have a somewhat thin skeletal structure. (Dex +2, Stealth)
You sometimes gain a little power by taking damage.


Message History

Crazy Yiuf is wielding a quarterstaff of chaos.
Found a mace.
There is an open door here.
Crazy Yiuf laughs, "Leather head cower!"
Crazy Yiuf hits you with a quarterstaff of chaos!
You partially resist.
You feel drained.
The leopard gecko hisses angrily.
You hit Crazy Yiuf.
Crazy Yiuf is lightly wounded.
Crazy Yiuf completely misses you. Crazy Yiuf closely misses you.
You barely miss Crazy Yiuf.
Crazy Yiuf is lightly wounded.
You miss the leopard gecko. The leopard gecko bites you.
Crazy Yiuf hits you with a quarterstaff of chaos!
You suddenly lose the ability to move!
The leopard gecko bites you. The leopard gecko bites you.
* * * LOW HITPOINT WARNING * * *
Crazy Yiuf glowers.
Crazy Yiuf hits you with a quarterstaff of chaos!
You die...

####.#####.# #........#
###.#......# #...#......#
#.#.#......# ._..#......#
#.###......# ##### ♣♣####
#..# ......# #)l.#♣♣ ♣♣.#..##
#..# #######
#.g@'.♣♣♣♣......# #.###
#...#♣..♣.......# ....#
#####♣♣♣.♣..#...# ....#
###### ♣♣♣♣♣##.## ....#
#....# #.# ....###....#######
#.#
...^...†.........##########.#
.######..)..................#
## ####..........############


You could see Crazy Yiuf and a leopard gecko.

Vanquished Creatures
  Robin (D:3)
  4 adders
  An ooze (D:2)
  2 worms (D:2)
  3 dart slugs
  A leopard gecko (D:2)
  6 orcs
  4 bats
  4 giant cockroaches
  11 goblins
  6 hobgoblins
  A quokka (D:2)
  A ball python (D:1)
  3 frilled lizards (D:2)
  3 kobolds (D:2)
  7 rats
58 creatures vanquished.

Notes
Turn   | Place    | Note
-------+----------+-------------------------------------------
     0 | D:1      | Marcoleric the Demonspawn Gladiator began the quest for the Orb.
     0 | D:1      | Reached XP level 1. HP: 16/16 MP: 1/1
   192 | D:1      | Gained mutation: You sometimes gain a little power by taking damage. [demonic ancestry]
   192 | D:1      | Reached XP level 2. HP: 22/22 MP: 2/2
   493 | D:1      | Reached skill level 3 in Axes
   670 | D:2      | Gained mutation: You have a somewhat thin skeletal structure. (Dex +2, Stealth) [demonic ancestry]
   670 | D:2      | Reached XP level 3. HP: 25/27 MP: 3/3
   791 | D:2      | Found a faded altar of an unknown god.
   811 | D:2      | Became a worshipper of Warmaster Okawaru
   811 | D:2      | Reached * piety under Okawaru
   917 | D:2      | Reached XP level 4. HP: 34/34 MP: 4/4
  1116 | D:2      | Found a deep blue altar of Sif Muna.
  1332 | D:3      | Found a glowing silver altar of Zin.
  1399 | D:3      | Noticed Robin
  1638 | D:3      | Reached skill level 1 in Armour
  1935 | D:3      | Killed Robin
  2052 | D:3      | Reached skill level 4 in Axes
  2280 | D:3      | Found a runed door.
  2284 | D:3      | Noticed Crazy Yiuf
  2288 | D:3      | Paralysed by Crazy Yiuf for 5 turns
  2289 | D:3      | Slain by Crazy Yiuf

Skill      XL: |  1  2  3  4 |
---------------+-------------+-----
Dodging        | 3 |  3.3
Axes           | 3 4 |  4.0
Throwing       | 2 |  2.0
Armour         | 1 |  1.1
Fighting       | |  2.5
Stealth        | |  0.3

Action                   |  1- 3 |  4- 6 || total
-------------------------+-------+-------++-------
Melee: War axe           |    87 |    77 ||   164
  Use: Scroll            |     1 |     7 ||     8
       Potion            |     3 |     2 ||     5
 Stab: Sleeping          |     1 |     1 ||     2
  Eat: Ration            |       |     2 ||     2
Armor: Leather armour    |    29 |    40 ||    69
Dodge: Dodged            |    80 |    81 ||   161
